 Dungeon Crawl Stone Soup version 0.27-a0-448-gace5c5693b (webtiles) character file.

Game seed: 5364381866695149877

83036 jasper the Unseen (level 15, 0/79 HPs)
             Began as a Spriggan Brigand on Feb 28, 2021.
             Was the Champion of Dithmenos.
             Slain by an enormous slime creature (79 damage)
             ... on level 13 of the Dungeon.
             The game lasted 00:40:40 (22778 turns).

jasper the Unseen (Spriggan Brigand)               Turns: 22778, Time: 00:40:40

Health: 0/79       AC: 14    Str:  8    XL:     15   Next: 31%
Magic:  15/21      EV: 35    Int: 23    God:    Dithmenos [******]
Gold:   610        SH: 11    Dex: 35    Spells: 14/14 levels left

rFire    + . .     SeeInvis +   U - +7 scimitar "Pynloll" {elec, Int+4 Dex+2 Stlth+}
rCold    + + .     Faith    .   Y - +0 buckler of Titziwi {Will+ Dex+6}
rNeg     + . .     Spirit   .   J - +1 swamp dragon scales
rPois    +         Reflect  .   l - +2 hat of Nybburgh {rElec Str+4 Int+3}
rElec    +         Harm     .   y - scarf {rC+ rF+}
rCorr    .         Rampage  .   (gloves unavailable)
Will     +++..                  (boots unavailable) Stlth *******+++
                                H - amulet of regeneration
HPRegen  1.23/turn              Q - +4 ring of protection
MPRegen  0.17/turn              h - ring "Coarrow" {rC+ rN+ Str-3 Int+2 Dex+5}

@: wreathed by umbra, very quick
A: very small, unfitting armour, camouflage 1, see invisible, speed 3, high mp
1, MP-powered wands
a: Renounce Religion, Shadow Step, Shadow Form


You were on level 13 of the Dungeon.
You worshipped Dithmenos.
Dithmenos was exalted by your worship.
You visited 4 branches of the dungeon, and saw 22 of its levels.
You also visited: Sewer.

You collected 2185 gold pieces.
You spent 1575 gold pieces at shops.

Inventory:

Hand Weapons
 k - the +8 scimitar of the Wolf {vorpal, rF+}
   (You bought it in a shop on level 2 of the Orcish Mines)

   It inflicts extra damage upon your enemies.
   It protects you from fire.
 R - a +1 dagger of draining
 U - the +7 scimitar "Pynloll" (weapon) {elec, Int+4 Dex+2 Stlth+}
   (You bought it in a shop on level 8 of the Dungeon)

   Occasionally, upon striking a foe, it can discharge electrical energy and
   cause terrible harm.
   It affects your intelligence (+4).
   It affects your dexterity (+2).
   It makes you more stealthy.
Missiles
 d - 91 poisoned darts
 e - 12 curare-tipped darts
 g - 37 boomerangs (quivered)
 I - a throwing net
Armour
 l - the +2 hat of Nybburgh (worn) {rElec Str+4 Int+3}
   (You bought it in a shop on level 10 of the Dungeon)

   It affects your strength (+4).
   It affects your intelligence (+3).
   It insulates you from electricity.
 o - a +2 buckler of positive energy
 y - a scarf of resistance (worn)
 B - a scarf of invisibility
 J - +1 swamp dragon scales (worn)
 Y - the +0 buckler of Titziwi (worn) {Will+ Dex+6}
   (You bought it in a shop on level 5 of the Dungeon)

   It affects your dexterity (+6).
   It affects your willpower, your defense against some magical effects.
Jewellery
 h - the ring "Coarrow" (right hand) {rC+ rN+ Str-3 Int+2 Dex+5}
   (You acquired it on level 10 of the Dungeon)

   [ring of positive energy]

   It affects your strength (-3).
   It affects your intelligence (+2).
   It affects your dexterity (+5).
   It protects you from cold.
   It protects you from negative energy.
 s - a ring of resist corrosion
 C - a ring of magical power
 F - a +6 ring of strength
 H - an amulet of regeneration (around neck)
 Q - a +4 ring of protection (left hand)
Wands
 c - a wand of iceblast (24)
 i - a wand of paralysis (12)
 r - a wand of polymorph (9)
 K - a wand of random effects (24)
 T - a wand of digging (7)
 Z - a wand of flame (63)
Scrolls
 f - 4 scrolls of amnesia
 m - 3 scrolls of magic mapping
 p - 6 scrolls of fog
 q - 3 scrolls of identify
 D - 2 scrolls of blinking
 E - 4 scrolls of teleportation
 M - a scroll of immolation
 P - 2 scrolls of silence
 S - a scroll of enchant armour
 W - a scroll of noise {unknown}
 X - 3 scrolls of enchant weapon
Potions
 a - 2 potions of magic
 j - 4 potions of heal wounds
 n - 6 potions of haste
 t - 9 potions of flight
 u - 2 potions of mutation
 v - 2 potions of ambrosia
 w - 2 potions of invisibility
 x - 2 potions of resistance
 z - 2 potions of degeneration
 A - 11 potions of curing
 G - 5 potions of might
 L - 2 potions of cancellation
 N - a potion of brilliance
 V - 2 potions of berserk rage
Miscellaneous
 b - a phial of floods (inert)
 O - a condenser vane (inert)


   Skills:
 + Level 9.1 Fighting
 - Level 2.1(11.9) Short Blades
 - Level 13.9(14.0) Long Blades
 - Level 2.0 Throwing
 + Level 2.8 Armour
 + Level 13.5 Dodging
 + Level 16.3 Stealth
 - Level 7.7 Shields
 + Level 5.2 Invocations
 + Level 4.1 Evocations


You had 14 spell levels left.
You didn't know any spells.
Your spell library contained the following spells:

 Spells                   Type           Power        Failure   Level
 Animate Skeleton         Necr           0%           41%         1
 Pain                     Necr           0%           41%         1
 Shock                    Conj/Air       0%           41%         1
 Swiftness                Air            0%           56%         2
 Confusing Touch          Hex            0%           80%         3
 Gell's Gravitas          Tloc           0%           80%         3
 Static Discharge         Conj/Air       0%           80%         3
 Vampiric Draining        Necr           0%           80%         3
 Airstrike                Air            0%           99%         4
 Animate Dead             Necr           0%           99%         4
 Petrify                  Tmut/Erth      0%           99%         4
 Agony                    Necr           0%           100%        5
 Bolt of Magma            Conj/Fire/Erth 0%           100%        5
 Iskenderun's Battlesphe  Conj           0%           100%        5
 Lightning Bolt           Conj/Air       0%           100%        5
 Metabolic Englaciation   Hex/Ice        0%           100%        5
 Yara's Violent Unravell  Hex/Tmut       0%           100%        5
 Iron Shot                Conj/Erth      0%           100%        6
 Orb of Destruction       Conj           0%           100%        7
 Spellforged Servitor     Conj/Summ      0%           100%        7


Dungeon Overview and Level Annotations

Branches:
Dungeon (13/15)            Temple (1/1) D:7            Lair (6/6) D:9
  Swamp (0/4) Lair:3       Spider (0/4) Lair:4        Slime (0/5) Lair:6
    Orc (2/2) D:9             Elf (0/3) Orc:2         Sewer (visited)
 Vaults: D:13-14

Altars:
Ashenzari
Cheibriados
Dithmenos
Elyvilon
Fedhas
Gozag
Hepliaklqana
Kikubaaqudgha
Makhleb
Nemelex Xobeh
Okawaru
Qazlal
Ru
Sif Muna
Trog
Uskayaw
Vehumet
Wu Jian
Xom
Yredelemnul
Zin
The Shining One
Jiyva

Shops:
D:5 [   D:8 [[([   D:9 ?   D:10 [   Orc:1 *   Orc:2 ([[?:(

Annotations:
D:3 2 transporters, tinescath's ghost, amateur BaIE
D:5 2 transporters, spindar's ghost, amateur DsGl
Lair:2 exclusion: 2 oklob plants
Lair:3 exclusion: oklob plant
Lair:6 1 runed translucent door


Innate Abilities, Weirdness & Mutations

You are very small and have problems with some larger weapons.
You are too small for most types of armour.
You have supernaturally acute eyesight. (SInv)
You cover ground extremely quickly.
Your skin changes colour to match your surroundings (Stealth+).
You have an increased reservoir of magic. (+10% MP)
You expend magic power (3 MP) to strengthen your wands.


Message History

Lightning courses through the large slime creature!
The large slime creature is lightly wounded.
A slime creature suddenly becomes a very large slime creature.
You slash the very large slime creature!
The very large slime creature is lightly wounded.
Two slime creatures merge to form an enormous slime creature.
The slime creature completely misses you.
You riposte.
You hit the slime creature.
Lightning courses through the slime creature!
The slime creature is moderately wounded.
Aim the phial where?
Press: ? - help, Shift-Dir - straight line, f - slime creature
Aim: a slime creature (moderately wounded, umbra)
The torrent of water hits the slime creature.
The slime creature is moderately wounded.
The slime creature is knocked back by the torrent of water.
The slime creature slams into the rock wall!
The wave splashes down.
You hear a shout! x2; You hear two shouts!
Two slime creatures merge to form a very large slime creature.
A slime creature suddenly becomes an enormous slime creature.
Aiming: Throw Flame
Press: ? - help, Shift-Dir - straight line, f/p - enormous slime creature
Aim: an enormous slime creature (lightly wounded, umbra, 6% to evade)
You feel a surge of power!
The puff of flame hits the enormous slime creature!
The enormous slime creature is lightly wounded.
The enormous slime creature is engulfed in a cloud of scalding steam.
You block the enormous slime creature's attack.
You now have 18/21 mp.
Aiming: Throw Flame
Press: ? - help, Shift-Dir - straight line, f/p - enormous slime creature
Aim: an enormous slime creature (steam, moderately wounded, umbra, 6% to evade)
You feel a surge of power!
The puff of flame hits the enormous slime creature!
The enormous slime creature is moderately wounded.
The enormous slime creature is engulfed in a cloud of scalding steam.
The enormous slime creature hits you!!!!
Ouch! That really hurt!
You die...

.................................
.................................
..........##......###............
.........###...#..#.........#....
###......###...#..#....... ##...
###.[..............# .... #...
##..[..............# . .....
..........)........#.... #....
#............###@....... #....
.....#........ā‰ˆJ#.......
.........#.##.#J#.......
....#...#######ā‰ˆJā‰ˆ......
...###..# ##.ā‰ˆ....#. ...#######
......# #......... ........
..######## ..#####. ..# ...


You could see an enormous slime creature and a slime creature.

Vanquished Creatures
  Kirke (Lair:4)
  The ghost of Cancer the Severer, a journeyman MiBe of Trog (D:9)
  2 fire dragons
  Fannar (D:11)
  An ogre mage (Orc:2)
  Erolcha (D:12)
  17 hydras
  2 catoblepae
  A two-headed ogre (D:13)
  2 centaur warriors
  6 death yaks (Lair:4)
  4 orc high priests (Orc:2)
  Sonja (Lair:3)
  Nergalle (D:11)
  An unseen horror (D:11)
  A swamp dragon (Lair:3)
  10 orc knights
  3 lindwurms
  An ugly thing (D:11)
  2 cyclopes (Orc:1)
  2 orc sorcerers (Orc:2)
  6 black mambas
  22 elephants
  2 torpor snails (Lair:4)
  Joseph (D:7)
  A gargoyle (D:7)
  3 molten gargoyles (Lair:6)
  10 komodo dragons
  3 kobold demonologists (D:13)
  13 cane toads
  4 rime drakes
  An efreet (D:13)
  Psyche (D:10)
  2 polar bears
  7 trolls
  Prince Ribbit (D:6)
  2 hornets
  A slime creature (D:13)
  4 dream sheep (Lair:5)
  A vampire (D:13)
  2 redbacks (Lair:4)
  8 wyverns
  A wraith (D:13)
  38 yaks
  A hog (Lair:4)
  3 basilisks
  A steam dragon (Lair:6)
  5 wargs
  4 hell hounds (Lair:6)
  18 water moccasins
  Duvessa (D:6)
  44 orc warriors
  2 ice beasts
  An eye of draining (D:9)
  3 black bears
  4 sky beasts
  15 ogres
  4 wolves
  20 centaurs
  6 phantoms
  15 bullfrogs
  6 kobold brigands
  4 scorpions
  Dowan (D:6)
  5 killer bees (D:8)
  7 wights
  2 electric eels (D:9)
  3 howler monkeys (D:9)
  5 centaur zombies
  3 bullfrog zombies
  7 hounds
  A jelly (D:11)
  5 lava snakes (Lair:6)
  2 bullfrog skeletons
  A quasit (D:7)
  22 orc priests
  Jessica (D:3)
  An iguana (D:11)
  Natasha (thrice) (D:2)
  29 orc wizards
  12 worker ants
  5 hell rats (Lair:4)
  A hound zombie (D:5)
  A hound skeleton (D:9)
  A howler monkey zombie (D:7)
  10 adders
  A howler monkey skeleton (D:10)
  A river rat (Sewer)
  4 shadow imps
  2 ufetubi
  2 oozes
  An adder skeleton (D:6)
  A worm (D:6)
  3 dart slugs
  4 leopard geckos
  104 orcs
  2 ball pythons
  6 bats
  15 giant cockroaches
  7 goblins
  8 hobgoblins
  6 jackals
  3 quokkas
  8 frilled lizards
  27 kobolds
  A leopard gecko skeleton (D:6)
  11 rats
697 creatures vanquished.

Vanquished Creatures (others)
  An orc priest (Orc:2)
  An orc wizard (D:8)
  An orc (D:8)
  25 fungi
  31 plants
59 creatures vanquished.

Grand Total: 756 creatures vanquished

Notes
Turn   | Place    | Note
-------+----------+-------------------------------------------
     0 | D:1      | jasper the Spriggan Brigand began the quest for the Orb.
     0 | D:1      | Reached XP level 1. HP: 10/10 MP: 2/2
   113 | D:1      | Reached skill level 6 in Stealth
   128 | D:1      | Reached XP level 2. HP: 8/15 MP: 3/3
   701 | D:1      | Reached XP level 3. HP: 14/18 MP: 4/4
  1349 | D:2      | Noticed Natasha
  1352 | D:2      | Killed Natasha
  1353 | D:2      | Reached skill level 1 in Armour
  1353 | D:2      | Reached XP level 4. HP: 23/23 MP: 5/5
  1435 | D:2      | Noticed Natasha
  1446 | D:2      | Killed Natasha
  1612 | D:2      | Noticed Natasha
  1622 | D:2      | Reached skill level 7 in Stealth
  1624 | D:2      | Killed Natasha
  1764 | D:2      | Found a shimmering blue altar of Sif Muna.
  1899 | D:3      | Reached XP level 5. HP: 24/27 MP: 6/6
  1954 | D:3      | Gained mutation: You expend magic power (3 MP) to
                  | strengthen your wands. [potion of mutation]
  1954 | D:3      | Gained mutation: You have an increased reservoir of magic.
                  | (+10% MP) [potion of mutation]
  1954 | D:3      | Gained mutation: Your skin changes colour to match your
                  | surroundings (Stealth+). [potion of mutation]
  2284 | D:3      | Found a glowing drain.
  2311 | Sewer    | Entered a sewer
  2477 | Sewer    | Reached skill level 8 in Stealth
  2477 | Sewer    | Reached XP level 6. HP: 21/32 MP: 7/7
  2645 | Sewer    | Found a glowing silver altar of Zin.
  2728 | D:3      | Noticed Jessica
  2740 | D:3      | Killed Jessica
  2817 | D:3      | Found a transporter.
  2819 | D:3      | Found a transporter.
  2819 | D:3      | Noticed tinescath's ghost (amateur BaIE)
  3327 | D:4      | Reached skill level 5 in Dodging
  3392 | D:4      | Reached skill level 9 in Stealth
  3392 | D:4      | Reached XP level 7. HP: 37/37 MP: 8/8
  3834 | D:5      | Entered Level 5 of the Dungeon
  3935 | D:5      | Found Dawy's Antique Armour Shoppe.
  4010 | D:5      | Found a transporter.
  4010 | D:5      | Noticed spindar's ghost (amateur DsGl)
  4027 | D:5      | Found a transporter.
  4070 | D:5      | Reached skill level 1 in Shields
  4405 | D:5      | Found a bloodstained altar of Trog.
  4787 | D:5      | Found a hide-covered altar of Uskayaw.
  4789 | D:5      | Found a shadowy altar of Dithmenos.
  4993 | D:6      | Reached XP level 8. HP: 42/42 MP: 9/9
  5062 | D:6      | Found an opulent altar of Gozag.
  5139 | D:6      | Noticed Prince Ribbit
  5142 | D:6      | Reached skill level 10 in Stealth
  5197 | D:6      | Killed Prince Ribbit
  5300 | D:6      | Noticed Duvessa
  5302 | D:6      | Noticed Dowan
  5327 | D:6      | Killed Dowan
  5331 | D:6      | Killed Duvessa
  5332 | D:6      | Reached skill level 5 in Fighting
  6017 | D:7      | Reached skill level 11 in Stealth
  6082 | D:7      | Reached XP level 9. HP: 40/47 MP: 10/10
  6205 | D:7      | Found a staircase to the Ecumenical Temple.
  6270 | Temple   | Entered the Ecumenical Temple
  6501 | D:5      | Became a worshipper of Dithmenos the Shadowed
  6586 | D:7      | Reached skill level 1 in Invocations
  6920 | D:8      | Found Cizxoim's Armour Emporium.
  7035 | D:8      | Reached * piety under Dithmenos
  7139 | D:8      | Found Eschocicw's Antique Armour Emporium.
  7174 | D:8      | Found a stormy altar of Qazlal.
  7225 | D:8      | Reached skill level 12 in Stealth
  7316 | D:8      | Found Ynuewn's Antique Armour Boutique.
  7440 | D:8      | Bought a runed cloak for 187 gold pieces
  7581 | D:8      | Reached skill level 1 in Long Blades
  7720 | D:8      | Found Neretusu's Antique Weapon Boutique.
  7727 | D:8      | Bought an ebony scimitar for 243 gold pieces
  7727 | D:8      | Identified the +7 scimitar "Pynloll" {elec, Int+4 Dex+2
                  | Stlth+} (You bought it in a shop on level 8 of the Dungeon)
  8078 | D:9      | Reached ** piety under Dithmenos
  8121 | D:9      | Reached XP level 10. HP: 43/53 MP: 14/14
  8298 | D:9      | Found a staircase to the Orcish Mines.
  8510 | D:9      | Found a staircase to the Lair.
  8612 | D:9      | Found an ancient bone altar of Kikubaaqudgha.
  8766 | D:9      | Reached *** piety under Dithmenos
  8825 | D:9      | Found a burning altar of Makhleb.
  8825 | D:9      | Found a hazy altar of Hepliaklqana.
  8833 | D:9      | Found a white marble altar of Elyvilon.
  8835 | D:9      | Found an opulent altar of Gozag.
  8837 | D:9      | Found an iron altar of Okawaru.
  9053 | D:9      | Found Idukhorch's Magic Scroll Boutique.
  9152 | D:10     | Entered Level 10 of the Dungeon
  9321 | D:10     | Noticed Psyche
  9326 | D:10     | Killed Psyche
  9399 | D:10     | Reached skill level 10 in Dodging
  9405 | D:10     | Found Zoatecat's Armour Boutique.
  9760 | D:11     | Reached skill level 13 in Stealth
  9812 | D:11     | Reached **** piety under Dithmenos
  9858 | D:11     | Noticed Nergalle
  9896 | D:11     | Noticed Fannar
  9948 | D:11     | Killed Fannar
  9949 | D:11     | Reached skill level 5 in Shields
  9949 | D:11     | Reached XP level 11. HP: 58/58 MP: 16/16
  9987 | D:11     | Noticed a red ugly thing
  9997 | D:11     | Killed a red ugly thing
  9998 | D:11     | Reached skill level 5 in Long Blades
 10043 | D:11     | Noticed an unseen horror
 10051 | D:11     | Killed an unseen horror
 10113 | D:11     | Killed Nergalle
 10289 | D:12     | Noticed Erolcha
 10306 | D:12     | Killed Erolcha
 10378 | D:12     | Noticed a seven-headed hydra
 10412 | D:12     | Killed a seven-headed hydra
 10622 | D:12     | Reached skill level 14 in Stealth
 10911 | D:13     | Noticed a centaur warrior
 10921 | D:13     | Reached ***** piety under Dithmenos
 10925 | D:13     | Killed a centaur warrior
 10959 | D:13     | Noticed an eight-headed hydra
 10965 | D:13     | Noticed a two-headed ogre
 11067 | Orc:1    | Entered Level 1 of the Orcish Mines
 11266 | D:9      | Reached XP level 12. HP: 64/64 MP: 17/17
 11368 | Orc:1    | Found Siontong's General Store.
 11865 | Orc:1    | Found a large runed translucent door.
 11865 | Orc:1    | Found a large runed translucent door.
 11872 | Orc:1    | Noticed Cancer's ghost (journeyman MiBe)
 11956 | D:9      | Killed Cancer's ghost
 12111 | Orc:2    | Entered Level 2 of the Orcish Mines
 12262 | Orc:2    | Reached skill level 15 in Stealth
 12268 | Orc:2    | HP: 1/65 [orc warrior/bolt (5)]
 12735 | Orc:2    | Found Gaqil's Magic Scroll Shop.
 12735 | Orc:2    | Found Haud's Book Shoppe.
 12737 | Orc:2    | Found Noelu's Weapon Emporium.
 12739 | Orc:2    | Found Coufar's Armour Boutique.
 12764 | Orc:2    | Noticed a centaur warrior
 12781 | Orc:2    | Killed a centaur warrior
 12814 | Orc:2    | Noticed an orc high priest
 12822 | Orc:2    | Killed an orc high priest
 12822 | Orc:2    | Noticed an orc high priest
 12835 | Orc:2    | Killed an orc high priest
 13229 | Orc:2    | Reached XP level 13. HP: 69/69 MP: 18/18
 13472 | Orc:2    | Reached ****** piety under Dithmenos
 13632 | Orc:2    | Found Weuntuda's Antique Weapon Shop.
 13636 | Orc:2    | Found Kopikah's Armour Emporium.
 14108 | D:7      | Noticed Joseph
 14121 | D:7      | Killed Joseph
 14301 | D:7      | Found a sacrificial altar of Ru.
 14438 | Lair:1   | Entered Level 1 of the Lair of Beasts
 15733 | Lair:2   | Reached skill level 10 in Long Blades
 16507 | Lair:3   | Found a staircase to the Swamp.
 16733 | Lair:3   | Noticed Sonja
 16756 | Lair:3   | Killed Sonja
 17402 | Lair:4   | Reached XP level 14. HP: 74/74 MP: 19/19
 17548 | Lair:4   | Found a hole to the Spider Nest.
 17937 | Lair:4   | Noticed Kirke
 17958 | Lair:4   | Killed Kirke
 19163 | D:5      | Bought a brightly glowing buckler for 266 gold pieces
 19163 | D:5      | Identified the +0 buckler of Titziwi {Will+ Dex+6} (You
                  | bought it in a shop on level 5 of the Dungeon)
 19347 | D:10     | Bought the +2 hat of Nybburgh {rElec Str+4 Int+3} for 555
                  | gold pieces
 19362 | D:10     | Identified a scroll of acquirement
 19363 | D:10     | Acquired the ring "Coarrow" {rC+ rN+ Str-3 Int+2 Dex+5}
 19924 | Lair:6   | Entered Level 6 of the Lair of Beasts
 20034 | Lair:6   | Found a runed translucent door.
 20035 | Lair:6   | Found a viscous altar of Jiyva.
 20036 | Lair:6   | Found a staircase to the Slime Pits.
 20036 | Lair:6   | Noticed an azure jelly
 20157 | Lair:6   | Reached skill level 1 in Evocations
 20656 | Lair:6   | Found a large runed translucent door.
 20656 | Lair:6   | Found a large runed translucent door.
 20731 | Lair:6   | Reached XP level 15. HP: 72/78 MP: 19/21
 20827 | Lair:6   | Reached skill level 16 in Stealth
 21989 | Orc:2    | Reached skill level 5 in Invocations
 22003 | Orc:2    | Bought an ichor-stained scimitar for 324 gold pieces
 22003 | Orc:2    | Identified the +8 scimitar of the Wolf {vorpal, rF+} (You
                  | bought it in a shop on level 2 of the Orcish Mines)
 22214 | Orc:2    | Found a staircase to the Elven Halls.
 22778 | D:13     | Slain by an enormous slime creature

Illustrated notes

Levels and vault maps discovered:
D:1:      scummos_arrival_simple_crosswalls, layout_basic
D:2:      layout_rooms, lemuel_blue_sif_altar, uniq_natasha
D:3:      layout_loops_ring, gammafunk_ghost_arena, portal_sewer_entry_a,
          uniq_jessica
D:4:      layout_cave_pools, hangedman_decor_push
D:5:      layout_basic, grunt_temple_overflow_open, serial_shops, shop,
          gammafunk_ghost_mausoleum, trog_butcher_becter
D:6:      layout_cave_pods, nicolae_gozag_cash_rules_everything_around_me,
          uniq_duvessa, uniq_prince_ribbit1
D:7:      layout_basic, minmay_temple_entry_offerings, serial_glass,
          glass_columns_a, glass_columns_b, glass_columns_a, glass_columns_c,
          glass_columns_a, glass_columns_c, nicolae_ru_the_path_less_chosen,
          uniq_joseph
D:8:      layout_loops_ring, serial_shops, nicolae_shop_overgrown_old_shop,
          shop, kennysheep_mini, shop, grunt_qazlal_sundering
D:9:      layout_roguey, kennysheep_mini_moat,
          chequers_temple_overflow_minitemple, lair_entry_dummy, erik_orc_2,
          serial_shops, nicolae_shop_trees
D:10:     layout_small_grid, serial_shops, shop, uniq_psyche
D:11:     layout_cave_pools, uniq_nergalle, uniq_fannar
D:12:     layout_rooms, uniq_erolcha
D:13:     layout_cave_pools, david_vaults_4
Temple:   nicolae_temple_great_sept
Lair:1:   layout_cave_pods
Lair:2:   layout_loops_ring, st_stairs_4, beast_lair_carwin_2,
          grunt_megastairs_5, minmay_lair_oklob_chamber, lemuel_fruit_tree
Lair:3:   layout_chaotic_city, minmay_swamp_entry_reptiles, serial_bayou_pond_a,
          minmay_lair_oklob_bushes, serial_bayou_shore_a, uniq_sonja
Lair:4:   layout_loops_ring, spider_nest_entry_webs, uniq_kirke
Lair:5:   dragon1_lemuel, layout_loops_ring, hangedman_lair_unloving_vines,
          st_stairs_13, kennysheep_catoblepas_arena
Lair:6:   cheibrodos_lair_end_hotspot, layout_cave_pods, slime_altar_2
Orc:1:    layout_caves, serial_shops, shop_statue, ebering_ghost_disaster_area
Orc:2:    st_orc_rangers, layout_diamond_mine, guppyfry_orc_lava_fort

Skill      XL: |  1  2  3  4  5  6  7  8  9 10 11 12 13 14 15 |
---------------+----------------------------------------------+-----
Stealth        | 6 7 8 9 11 12 13 14 15 16 | 16.3
Dodging        | 2 3 4 5 6 8 9 10 11 12 13 | 13.5
Fighting       | 2 3 4 5 6 7 8 9 |  9.1
Armour         | 1 2 |  2.8
Shields        | 1 3 4 5 6 7 |  7.7
Invocations    | 3 4 5 |  5.2
Long Blades    | 2 4 6 8 11 13 | 13.9
Evocations     | 2 4 |  4.1
Short Blades   | |  2.1
Throwing       | |  2.0

Action                   |  1- 3 |  4- 6 |  7- 9 | 10-12 | 13-15 || total
-------------------------+-------+-------+-------+-------+-------++-------
Melee: Dagger            |    88 |   221 |   420 |     1 |   257 ||   987
       Falchion          |       |       |   147 |       |       ||   147
       Scimitar          |       |       |    30 |   644 |   857 ||  1531
Throw: Boomerang         |    15 |       |       |    11 |    30 ||    56
Evoke: Wand              |       |       |    13 |    27 |     6 ||    46
       Phial of floods   |       |       |       |     1 |     2 ||     3
       Condenser vane    |       |       |       |       |     1 ||     1
  Use: Potion            |       |     6 |       |     1 |     1 ||     8
       Scroll            |       |       |       |    19 |     7 ||    26
 Stab: Sleeping          |     4 |    14 |    22 |    43 |    45 ||   128
       Distracted        |       |       |     1 |     3 |     8 ||    12
       Paralysed         |       |       |       |     1 |       ||     1
Armor: Robe              |     8 |    14 |    18 |    38 |    10 ||    88
       Skin              |       |    13 |       |       |       ||    13
       Swamp dragon scal |       |       |       |       |    87 ||    87
Dodge: Dodged            |    69 |   199 |   392 |   688 |   995 ||  2343
Block: Buckler           |       |     9 |   231 |   405 |   557 ||  1202
       Rpst.: Falchion   |       |       |    38 |       |       ||    38
       Scimitar          |       |       |    14 |   167 |   146 ||   327

Table legend: (Time is in decaauts)
 A = Elapsed time spent in this place.
 B = Non-inter-level travel time spent in this place.
 C = Inter-level travel time spent in this place.
 D = Time resting spent in this place.
 E = Time spent auto-exploring this place.
 F = Levels seen in this place.
 G = Mean time per level.
                   A        B        C        D        E       F      G
               +--------+--------+--------+--------+--------+-----+--------+
         Total |  16290 |  14957 |   1333 |   1589 |   8698 |  23 |  708.3 |
       Dungeon |   8904 |   8044 |    860 |    394 |   5110 |  13 |  684.9 |
        Temple |     51 |     43 |      8 |      0 |     42 |   1 |   51.0 |
          Lair |   4547 |   4181 |    366 |    376 |   2549 |   6 |  757.8 |
  Orcish Mines |   2426 |   2327 |     99 |    818 |    772 |   2 | 1213.0 |
         Sewer |    361 |    361 |      0 |      0 |    223 |   1 |  361.0 |
               +--------+--------+--------+--------+--------+-----+--------+

Top non-repeatable levels by time:
   Orc:2: 1782 daAuts
     D:9: 1200 daAuts
     D:8: 1079 daAuts
     D:1: 1009 daAuts
  Lair:6: 950 daAuts
     D:5: 860 daAuts
  Lair:5: 827 daAuts
     D:7: 824 daAuts
     D:3: 811 daAuts
     D:6: 774 daAuts
  Lair:4: 737 daAuts
  Lair:1: 699 daAuts
  Lair:2: 674 daAuts
  Lair:3: 657 daAuts
   Orc:1: 643 daAuts
